 Dungeon Crawl Stone Soup version 0.23.0-2-g0fe3ce5 (webtiles) character file.

Game seed: 12430526042104905332

51 Kairos the Chopper (level 3, 0/20 HPs)
             Began as a Vine Stalker Monk on Feb 19, 2019.
             Succumbed to a kobold's poison
             ... on level 3 of the Dungeon.
             The game lasted 00:02:51 (1707 turns).

Kairos the Chopper (Vine Stalker Monk)              Turns: 1707, Time: 00:02:52

Health: 0/20       AC:  8    Str: 17 (19) XL:     3   Next: 81%
Magic:  3/4        EV: 10    Int:  7 (10) God:
Gold:   137        SH:  0    Dex: 14 (16) Spells: 2/2 levels left

rFire    . . .     SeeInvis .   a - +0 hand axe
rCold    . . .     Gourm    .   (no shield)
rNeg     . . .     Faith    .   i - +0 scale mail
rPois    .         Spirit   +   (no helmet)
rElec    .         Reflect  .   (no cloak)
rCorr    .         Harm     +   (no gloves)
MR       +....                  (no boots)
Stlth    ++........             j - amulet of harm
HPRegen  0.06/turn              (no ring)
MPRegen  0.09/turn              g - ring of stealth

@: mighty, lethally poisoned (0 -> -9), very slightly contaminated, invisible
A: fangs 2, slimy green scales 1, magic resistance 1, magic shield, antimagic
bite, no potion heal 3, rot immunity
a: no special abilities


You were on level 3 of the Dungeon.
You were hungry.

You visited 1 branch of the dungeon, and saw 3 of its levels.

You collected 137 gold pieces.

Inventory:

Hand Weapons
 a - a +0 hand axe (weapon)
Armour
 b - a +0 robe
 i - a +0 scale mail (worn)
 l - a +0 ring mail
Jewellery
 g - a ring of stealth (right hand)
 j - an amulet of harm (around neck)
Scrolls
 d - 2 scrolls of remove curse
 e - a scroll of blinking
 f - a scroll of magic mapping
 h - 3 scrolls of teleportation
 k - a scroll of fear {unknown}
 n - 2 scrolls of identify
Potions
 m - a potion of might
Comestibles
 c - 5 rations


   Skills:
 + Level 3.0 Fighting
 + Level 3.2 Axes
 + Level 0.4 Armour
 + Level 2.7 Dodging
 + Level 3.1 Stealth


You had 2 spell levels left.
You didn't know any spells.
Your spell library was empty.

Dungeon Overview and Level Annotations

Branches:
Dungeon (3/15)

Altars:


Innate Abilities, Weirdness & Mutations

You have extremely sharp teeth.
When hurt, damage is shared between your health and your magic reserves.
Your bite disrupts and absorbs the magic of your enemies.
Potions cannot restore your health.
You are immune to rotting.
You are partially covered in slimy green scales. (AC +2)
You are resistant to hostile enchantments. (MR+)


Message History

You are very lightly contaminated with residual magic.
You completely miss the kobold. Your bite misses the kobold.
You closely miss the bat.
* * * LOW HITPOINT WARNING * * *
You feel sick. The bat barely misses you. The bat hits you.
* * * LOW HITPOINT WARNING * * *
The kobold unwields a +0 blowgun.
The kobold wields a +0 dagger.
The kobold hits you with a +0 dagger. The bat closely misses you.
You catch the helpless kobold completely off-guard!
You hit the kobold.
You kill the kobold!
You slash the bat!
You kill the bat!
* * * LOW HITPOINT WARNING * * *
You feel sick.
Items here: ( )) † a +0 dagger; a +0 blowgun; 11 poisoned needles; a kobold corpse
* * * LOW HITPOINT WARNING * * *
You feel sick.
You die...

#. # #. . #.
#.##.#
#.#...##
#..#.#.# .# #
###....#.## .#
# ........).#
.# .
.####.#...#@#
.# # #.#
#####.# .# #
#..
#.#####(####.#
# #.#
#K...%.((<.#.#
##.##.#
#.#..........#
.......
..%.###.##.###
....... ..#
#.##.# #.#.#.#
# #.##.# #.#
#.##.#


There were no monsters in sight!

Vanquished Creatures
  An adder (D:2)
  A worm (D:2)
  2 giant cockroaches
  4 goblins
  7 hobgoblins
  6 jackals (D:2)
  3 kobolds
  6 bats
  2 frilled lizards (D:2)
  6 rats
38 creatures vanquished.

Notes
Turn   | Place    | Note
-------+----------+-------------------------------------------
     0 | D:1      | Kairos the Vine Stalker Monk began the quest for the Orb.
     0 | D:1      | Reached XP level 1. HP: 11/11 MP: 2/2
   301 | D:1      | Reached XP level 2. HP: 13/16 MP: 3/3
  1314 | D:2      | Reached XP level 3. HP: 16/19 MP: 4/4
  1700 | D:3      | Gained mutation: You are partially covered in slimy green
                  | scales. (AC +2) [potion of mutation]
  1700 | D:3      | Gained mutation: You are resistant to hostile enchantments.
                  | (MR+) [potion of mutation]
  1706 | D:3      | HP: 1/20 [poisoned by a kobold]
  1707 | D:3      | Succumbed to a kobold's poison

Skill      XL: |  1  2  3 |
---------------+----------+-----
Axes           | 3 |  3.2
Stealth        | 3 |  3.1
Fighting       | 3 |  3.0
Armour         | |  0.4
Dodging        | |  2.7

Action                   || total
-------------------------++-------
Melee: Hand axe          ||    95
       Bite              ||    28
  Use: Scroll            ||     5
       Potion            ||     4
 Stab: Sleeping          ||     5
       Invisible         ||     1
  Eat: Chunk             ||     2
Armor: Scale mail        ||    51
       Ring mail         ||     2
Dodge: Dodged            ||    62
